 Dungeon Crawl Stone Soup version 0.27-a0-1256-gced786f65e (webtiles) character file.

Game seed: 1692637028763351443

36 rabbitsville the Chopper (level 3, -2/29 HPs)
             Began as a Demonspawn Fighter on June 10, 2021.
             Slain by an adder (3 damage)
             ... on level 2 of the Dungeon.
             The game lasted 00:09:44 (573 turns).

rabbitsville the Chopper (Demonspawn Fighter)        Turns: 573, Time: 00:09:44

Health: -2/29      AC:  6    Str: 17    XL:     3   Next: 19%
Magic:  3/3        EV:  6    Int: 11    God:
Gold:   34         SH: 13    Dex: 20    Spells: 2/2 levels left

rFire    . . .     SeeInvis .   a - +0 war axe
rCold    . . .     Faith    .   c - +0 kite shield
rNeg     . . .     Spirit   .   b - +0 scale mail
rPois    .         Reflect  .   (no helmet)
rElec    .         Harm     .   (no cloak)
rCorr    .         Rampage  .   (no gloves)
Will     .....                  (no boots)
Stlth    ..........             (no amulet)
HPRegen  0.09/turn              f - +6 ring of dexterity
MPRegen  0.08/turn              (no ring)

@: mighty, unable to read, attractive
A: claws 1, condensation shield, agile 1, clever 1, inability to read while
threatened
a: no special abilities


You were on level 2 of the Dungeon.
You visited 1 branch of the dungeon, and saw 2 of its levels.

You collected 34 gold pieces.

Inventory:

Hand Weapons
 a - a +0 war axe (weapon)
Armour
 b - a +0 scale mail (worn)
 c - a +0 kite shield (worn)
Jewellery
 f - a +6 ring of dexterity (left claw)
Potions
 e - a potion of heal wounds {unknown}
 g - a potion of mutation


   Skills:
 - Level 3.0 Fighting
 + Level 3.3 Axes
 - Level 2.6 Armour
 - Level 2.6 Shields


You had 2 spell levels left.
You didn't know any spells.
Your spell library was empty.

Dungeon Overview and Level Annotations

Branches:
Dungeon (1/15)

Altars:

Annotations:
D:2 Robin


Innate Abilities, Weirdness & Mutations

You have sharp fingernails.
A meltable shield of frost defends you. (SH +4)
You are agile. (Dex +2)
Your mind is acute. (Int +2)
You sometimes lose the ability to read scrolls when taking damage.


Message History

You feel stronger.
Your demonic ancestry asserts itself...
Your fingernails lengthen.
Really quaff the potion of mutation?
Okay, then.
You feel very mighty all of a sudden.
You feel sick. The adder bites you but does no damage.
The goblin completely misses you. The goblin closely misses you.
You block the goblin's attack.
The hobgoblin hits you but does no damage.
Your shield prevents you from hitting the adder.
The adder is heavily wounded.
You slash the hobgoblin!
You kill the hobgoblin!
You hit the goblin.
You kill the goblin!
You barely miss the goblin. You closely miss the goblin. You hit the goblin.
You kill the goblin!
You can read scrolls again.
You feel sick. The adder completely misses you.
The giant cockroach barely misses you. The goblin completely misses you.
You block the goblin's attack. You block the adder's attack.
You barely miss the adder.
The adder is heavily wounded.
You hit the giant cockroach.
You kill the giant cockroach!
You closely miss the goblin. You slash the goblin!
You kill the goblin!
You slash the goblin!
You kill the goblin!
You feel sick.
You are no longer poisoned.
The adder barely misses you. You block the goblin's attack.
You block the adder's attack. You block Robin's attack.
The goblin hits you with a +0 club.
You feel threatened and lose the ability to read scrolls!
* * * LOW HITPOINT WARNING * * *
It was a potion of attraction.
You feel attractive to monsters. The adder bites you.
You die...

#########
........#
........#
........#
........##
..(.....)###
##+#....S@g#
+....)g)#
#.......#
#.......#
#.......#
#.......#
#.......#
...##+###


You could see Robin, an adder and a goblin (strong).

Vanquished Creatures
  A ball python (D:1)
  4 endoplasms (D:1)
  3 giant cockroaches
  11 goblins
  2 hobgoblins
  3 jackals (D:1)
  A quokka (D:1)
  2 bats (D:1)
  A kobold (D:1)
  2 rats (D:1)
30 creatures vanquished.

Notes
Turn   | Place    | Note
-------+----------+-------------------------------------------
     0 | D:1      | rabbitsville the Demonspawn Fighter began the quest for the
                  | Orb.
     0 | D:1      | Reached XP level 1. HP: 18/18 MP: 1/1
   115 | D:1      | Found a faded altar of an unknown god.
   120 | D:1      | Gained mutation: A meltable shield of frost defends you.
                  | (SH +4) [demonic ancestry]
   120 | D:1      | Reached XP level 2. HP: 24/24 MP: 2/2
   563 | D:1      | You fall into a shaft and drop 1 floor!
   564 | D:2      | Noticed Robin
   566 | D:2      | Gained mutation: You are agile. (Dex +2) [potion of
                  | mutation]
   566 | D:2      | Gained mutation: You sometimes lose the ability to read
                  | scrolls when taking damage. [potion of mutation]
   566 | D:2      | Gained mutation: Your mind is acute. (Int +2) [potion of
                  | mutation]
   570 | D:2      | Gained mutation: You have sharp fingernails. [demonic
                  | ancestry]
   570 | D:2      | Reached XP level 3. HP: 11/29 MP: 3/3
   572 | D:2      | HP: 1/29 [goblin/+0 club[Robin] (6)]
   573 | D:2      | Slain by an adder

Illustrated notes

Levels and vault maps discovered:
D:1:      psy_arrival_basics, layout_loops_ring,
          hellmonk_ecumenical_altar_run_dry
D:2:      cheibrodos_pilgrimage, layout_basic, basic_altar, uniq_robin,
          uniq_crazy_yiuf_cottage, uniq_jessica

Skill      XL: |  1  2 |
---------------+-------+-----
Axes           | 2 3 |  3.3
Fighting       | |  3.0
Armour         | |  2.6
Shields        | |  2.6

Action                   || total
-------------------------++-------
Melee: War axe           ||    55
  Use: Potion            ||     3
Armor: Scale mail        ||    25
Dodge: Dodged            ||    30
Block: Kite shield       ||    46

Table legend: (Time is in decaauts)
 A = Elapsed time spent in this place.
 B = Non-inter-level travel time spent in this place.
 C = Inter-level travel time spent in this place.
 D = Time resting spent in this place.
 E = Time spent auto-exploring this place.
 F = Levels seen in this place.
 G = Mean time per level.
                   A        B        C        D        E       F      G
               +--------+--------+--------+--------+--------+-----+--------+
         Total |    606 |    606 |      0 |    113 |    143 |   2 |  303.0 |
       Dungeon |    606 |    606 |      0 |    113 |    143 |   2 |  303.0 |
               +--------+--------+--------+--------+--------+-----+--------+

Top non-repeatable levels by time:
     D:1: 594 daAuts
     D:2: 12 daAuts
